 Dungeon Crawl Stone Soup version 0.19.0-19-g8c6edcc (webtiles) character file.

70 Leybi the Sneak (level 4, -5/23 HPs)
             Began as a Vine Stalker Assassin on Nov 13, 2016.
             Slain by a worm (9 damage)
             ... on level 3 of the Dungeon.
             The game lasted 00:04:10 (1625 turns).

Leybi the Sneak (Vine Stalker Assassin)             Turns: 1625, Time: 00:04:12

Health: -5/23      AC:  3    Str: 14    XL:     4   Next: 22%
Magic:  0/5        EV: 13    Int: 11    God:
Gold:   111        SH:  0    Dex: 16    Spells: 0 memorised, 3 levels left

rFire  . . .     SeeInvis .     a - +2 dagger
rCold  . . .     Gourm    .     c - +0 robe
rNeg   . . .     Faith    .     (no shield)
rPois  .         Spirit   +     (no helmet)
rElec  .         Reflect  .     d - +0 cloak
rCorr  .         Harm     .     (no gloves)
MR     .....                    (no boots)
Stlth  +++.......               (no amulet)
                                (no ring)
                                (no ring)

@: no status effects
A: fangs 2, regeneration 1, magic shield, antimagic bite, no device heal 3, rot
immunity
a: no special abilities


You were on level 3 of the Dungeon.
You were not hungry.

You visited 1 branch of the dungeon, and saw 3 of its levels.

You collected 111 gold pieces.

Inventory:

Hand Weapons
 a - a +2 dagger (weapon)
 b - a +0 blowgun
 k - a +1 hunting sling of freezing
Missiles
 e - 25 poisoned needles
 f - 2 curare-tipped needles
Armour
 c - a +0 robe (worn)
 d - a +0 cloak (worn)
Scrolls
 i - a scroll of recharging {unknown}
 l - a scroll of fear {unknown}
 m - 3 scrolls of identify {unknown}
 q - 4 scrolls of remove curse {unknown}
 r - 3 scrolls of teleportation {unknown}
 u - a scroll of enchant weapon {unknown}
Potions
 h - a potion of brilliance {unknown}
 n - a potion of berserk rage {unknown}
 o - 2 potions of might {unknown}
 s - 2 potions of mutation {unknown}
 t - a potion of magic {unknown}
Comestibles
 g - 2 bread rations
 j - 3 beef jerkies
 p - 4 chunks of flesh


   Skills:
 - Level 1.7 Fighting
 + Level 2.6 Short Blades
 - Level 1.7 Throwing
 * Level 2.6 Dodging
 - Level 4.8 Stealth


You had 3 spell levels left.
You didn't know any spells.

Dungeon Overview and Level Annotations

Branches:
Dungeon (3/15)

Altars:
Kikubaaqudgha


Innate Abilities, Weirdness & Mutations

You have extremely sharp teeth.
Your natural rate of healing is unusually fast.
When hurt, damage is shared between your health and your magic reserves.
Your bite disrupts and absorbs the magic of your enemies.
Potions and wands cannot restore your health.
You are immune to rotting.


Message History

The orc priest barely misses you.
You closely miss the orc priest.
The orc priest is heavily wounded.
The orc priest mumbles some strange prayers to Beogh against you.
Beogh smites you!
You barely miss the orc priest. You bite the orc priest. You drain its power.
You feel invigorated.
The orc priest is heavily wounded.
The orc priest closely misses you.
You hit the orc priest but do no damage.
Your bite misses the orc priest.
The orc priest is heavily wounded.
The orc priest hits you with a whip.
You barely miss the orc priest.
The orc priest is heavily wounded.
The orc priest calls down the wrath of Beogh upon you.
Beogh smites you!
* * * LOW HITPOINT WARNING * * *
The worm bites you!
You die...

...........
.......[....
.............
.......(....
.....(.....
#######...$......
#...o.....(......
#...@w...(.......
#................
#........†###...
#.....:...'.#
...........#.#
###.........#.#
#.........#.#
#.........#.#
.........#.######


You could see a worm and an orc priest.

Vanquished Creatures
  Ijyb (D:2)
  An adder (D:2)
  A worm (D:2)
  A leopard gecko (D:2)
  4 orcs (D:3)
  A giant cockroach (D:2)
  A hobgoblin (D:2)
  2 jackals (D:1)
  4 bats
  A frilled lizard (D:1)
  4 goblins
  6 kobolds
  2 rats (D:2)
29 creatures vanquished.

Notes
Turn   | Place    | Note
-------+----------+-------------------------------------------
     0 | D:1      | Leybi the Vine Stalker Assassin began the quest for the Orb.
     0 | D:1      | Reached XP level 1. HP: 11/11 MP: 2/2
   169 | D:1      | Reached skill level 1 in Dodging
   396 | D:1      | Reached XP level 2. HP: 15/15 MP: 3/3
   861 | D:2      | Noticed Ijyb
   868 | D:2      | Killed Ijyb
   868 | D:2      | Reached XP level 3. HP: 18/18 MP: 4/4
  1293 | D:2      | Gained mutation: Your natural rate of healing is unusually fast. [Vine Stalker growth]
  1293 | D:2      | Reached XP level 4. HP: 6/23 MP: 2/5
  1485 | D:2      | Found an ancient bone altar of Kikubaaqudgha.
  1625 | D:3      | Slain by a worm

Skill      XL: |  1  2  3 |
---------------+----------+-----
Short Blades   | 2 |  2.6
Dodging        | 1 2 |  2.6
Fighting       | |  1.7
Throwing       | |  1.7
Stealth        | |  4.8

Action                   |  1- 3 |  4- 6 || total
-------------------------+-------+-------++-------
Melee: Dagger            |    50 |    28 ||    78
       Bite              |    10 |     4 ||    14
 Fire: Blowgun           |       |     6 ||     6
 Stab: Sleeping          |    11 |       ||    11
  Eat: Chunk             |     1 |     1 ||     2
Armor: Robe              |     9 |     1 ||    10
Dodge: Dodged            |    35 |    11 ||    46
